 Dungeon Crawl Stone Soup version 0.23.2-40-g277498a001 (webtiles) character file.

Game seed: 8145536816326782712

603 favus the Slasher (level 7, 0/60 HPs)
             Began as a Hill Orc Fighter on Sept 20, 2019.
             Succumbed to a gnoll's poison
             ... on level 4 of the Dungeon on Sept 21, 2019.
             The game lasted 00:57:11 (5256 turns).

favus the Slasher (Hill Orc Fighter)                Turns: 5256, Time: 00:57:12

Health: 0/60       AC: 11    Str: 20    XL:     7   Next: 42%
Magic:  7/7        EV:  8    Int:  8    God:
Gold:   138        SH: 10    Dex: 11    Spells: 6/6 levels left

rFire    . . .     SeeInvis .   a - +0 long sword
rCold    . . .     Gourm    .   c - +0 shield
rNeg     . . .     Faith    .   b - +1 scale mail
rPois    .         Spirit   .   (no helmet)
rElec    .         Reflect  .   f - +2 cloak
rCorr    .         Harm     .   (no gloves)
MR       .....     Rnd*Tele +   (no boots)
Stlth    ..........             (no amulet)
HPRegen  0.20/turn              k - ring of flight
MPRegen  0.10/turn              E - ring of teleportation

@: lethally poisoned (0 -> -5)
A: no striking features
a: Evoke Flight


You were on level 4 of the Dungeon.
You were not hungry.

You visited 1 branch of the dungeon, and saw 5 of its levels.

You collected 138 gold pieces.

Inventory:

Hand Weapons
 a - a +0 long sword (weapon)
 i - a +0 dagger
 o - a +0 dagger
 q - a +0 club
 r - a +0 club
 s - a +0 dagger
 t - a +0 club
 u - a +0 dagger
 A - a +2 quarterstaff of chaos
 C - a +0 mace
Missiles
 h - 86 stones (quivered)
 j - 30 bolts
 n - 15 arrows
Armour
 b - a +1 scale mail (worn)
 c - a +0 shield (worn)
 e - a cursed -2 robe
 f - a +2 cloak (worn)
 p - a +0 ring mail
 B - a +0 cloak
 D - a +0 scale mail
Jewellery
 k - a ring of flight (left hand)
 y - a cursed ring of teleportation
 E - a ring of teleportation (right hand)
Scrolls
 d - 2 scrolls of identify
 g - a scroll of remove curse
 x - 3 scrolls of teleportation
Potions
 m - 2 potions of flight


   Skills:
 + Level 4.7 Fighting
 + Level 5.7 Long Blades
 + Level 0.2 Throwing
 + Level 4.8 Armour
 + Level 1.5 Dodging
 + Level 0.1 Stealth
 + Level 5.0 Shields


You had 6 spell levels left.
You didn't know any spells.
Your spell library was empty.

Dungeon Overview and Level Annotations

Branches:
Dungeon (5/15)
 Temple: D:4-7

Altars:


Message History

Your magical effects are unravelling.
You feel magically purged.
You feel less wooden.
Your +2 cloak unmelds from your body.
Your +1 scale mail unmelds from your body.
* * * LOW HITPOINT WARNING * * *
You feel sick. You block the gnoll's attack.
* * * LOW HITPOINT WARNING * * *
You feel sick. You block the gnoll's attack. x2
You slash the gnoll!
You kill the gnoll!
* * * LOW HITPOINT WARNING * * *
You feel sick. You block the gnoll's attack.
* * * LOW HITPOINT WARNING * * *
You feel sick. The gnoll hits you but does no damage.
Things that are here:
a +1 halberd of venom; a gnoll corpse You slash the gnoll!
The gnoll is almost dead.
You die...

#..............#
#..............#.#
#............).#.#
#..............#.#
#.............##.###########
#.............#.............
###...........#.............
..............#.............
...........##...@g..........
...........###.#.#..".......
...........# #.).#..........
...........####..###########
......[....#........#
...........#........#
############........#
#....>...### ####..##....


You could see a gnoll.

Vanquished Creatures
  A phantom (D:4)
  2 ogres (D:4)
  Crazy Yiuf (D:3)
  An orc wizard (D:3)
  Terence (D:3)
  3 gnolls (D:4)
  13 adders
  2 oozes (D:1)
  An adder skeleton (D:4)
  2 worms
  3 dart slugs
  3 leopard geckos
  4 orcs (D:3)
  3 bats
  3 giant cockroaches
  13 goblins
  10 hobgoblins
  4 jackals (D:2)
  10 kobolds
  2 quokkas (D:2)
  5 ball pythons
  8 frilled lizards
  A quokka skeleton (D:2)
  6 rats
102 creatures vanquished.

Notes
Turn   | Place    | Note
-------+----------+-------------------------------------------
     0 | D:1      | favus the Hill Orc Fighter began the quest for the Orb.
     0 | D:1      | Reached XP level 1. HP: 19/19 MP: 1/1
   311 | D:1      | Reached XP level 2. HP: 27/27 MP: 2/2
   720 | D:1      | Reached XP level 3. HP: 33/33 MP: 3/3
  1558 | D:2      | Reached XP level 4. HP: 37/40 MP: 4/4
  2194 | D:2      | Reached XP level 5. HP: 46/46 MP: 5/5
  3234 | D:3      | Found a runed translucent door.
  3235 | D:3      | Noticed Crazy Yiuf
  3243 | D:3      | Killed Crazy Yiuf
  3297 | D:3      | Noticed Terence
  3310 | D:3      | Killed Terence
  3463 | D:3      | Reached skill level 1 in Dodging
  3463 | D:3      | Reached XP level 6. HP: 52/52 MP: 6/6
  4220 | D:5      | Entered Level 5 of the Dungeon
  4298 | D:4      | Noticed a phantom
  4366 | D:4      | Killed a phantom
  4366 | D:4      | Reached skill level 5 in Long Blades
  4366 | D:4      | Reached skill level 5 in Shields
  4366 | D:4      | Reached XP level 7. HP: 6/60 MP: 7/7
  4650 | D:4      | HP: 2/60 [ogre/+0 giant spiked club (14)]
  5252 | D:4      | HP: 3/60 [poisoned by a gnoll]
  5255 | D:4      | HP: 1/60 [poisoned by a gnoll]
  5256 | D:4      | Succumbed to a gnoll's poison

Skill      XL: |  1  2  3  4  5  6 |
---------------+-------------------+-----
Fighting       | 4 |  4.7
Long Blades    | 3 4 5 |  5.7
Shields        | 4 5 |  5.0
Armour         | 4 |  4.8
Dodging        | 1 |  1.5
Throwing       | |  0.2
Stealth        | |  0.1

Action                   |  1- 3 |  4- 6 |  7- 9 || total
-------------------------+-------+-------+-------++-------
Melee: Long sword        |    96 |   285 |    38 ||   419
Throw: Stone             |       |    39 |       ||    39
  Use: Scroll            |     4 |     7 |     1 ||    12
       Potion            |     2 |     2 |     4 ||     8
  Eat: Ration            |     1 |     2 |     2 ||     5
Armor: Scale mail        |    29 |    92 |     8 ||   129
       Skin              |       |       |    23 ||    23
Dodge: Dodged            |    26 |    80 |    13 ||   119
Block: Shield            |    49 |   162 |    27 ||   238
       Rpst.: Long sword |     6 |    31 |     3 ||    40
